 Dungeon Crawl Stone Soup version 0.28-a0-863-g8cecda6153 (webtiles) character file.

Game seed: 13691176150986610873

1285 Rennog the Fighter (level 8, -2/77 (78) HPs)
             Began as a Gnoll Wanderer on Nov 19, 2021.
             Was a Plaything of Xom.
             Slain by a wyvern (9 damage)
             ... on level 6 of the Dungeon.
             The game lasted 00:07:38 (6869 turns).

Rennog the Fighter (Gnoll Wanderer)                 Turns: 6869, Time: 00:07:38

HP:   -2/77 (78)    AC:  7    Str: 12    XL:     8   Next: 55%
MP:   13/13         EV: 13    Int: 14    God:    Xom [......]
Gold: 190           SH:  0    Dex: 15    Spells: 13/13 levels left

rFire   . . .      SeeInvis .   x - +3 quarterstaff (chaos)
rCold   . . .      Faith    .   (shield currently unavailable)
rNeg    . . .      Spirit   .   d - +0 robe
rPois   .          Reflect  .   (no helmet)
rElec   .          Harm     .   y - +0 cloak
rCorr   .          Rampage  .   (no gloves)
Will    .....                   (no boots)
Stlth   +++.......              (no amulet)
HPRegen 0.22/turn               f - +6 ring of dexterity
MPRegen 0.13/turn               A - +4 ring of protection

@: lightly drained
A: fangs 1, strong nose, distributed training, dopey 1, robust 1, MP-powered
wands
a: Renounce Religion


You were on level 6 of the Dungeon.
You worshipped Xom.
You were a very special plaything of Xom.
You visited 1 branch of the dungeon, and saw 6 of its levels.

You collected 190 gold pieces.

Inventory:

Hand Weapons
 a - a +2 quarterstaff
 e - a +0 dagger
 i - a +1 mace of draining
 x - a +3 quarterstaff of chaos (weapon)
Armour
 d - a +0 robe (worn)
 y - a +0 cloak (worn)
Jewellery
 f - a +6 ring of dexterity (left hand)
 r - a ring of wizardry
 A - a +4 ring of protection (right hand)
Wands
 p - a wand of flame (16)
Scrolls
 c - 3 scrolls of teleportation
 g - a scroll of vulnerability {unknown}
 h - 6 scrolls of identify {unknown}
 j - 3 scrolls of enchant weapon {unknown}
 k - a scroll of acquirement {unknown}
 l - a scroll of enchant armour {unknown}
 m - 2 scrolls of immolation {unknown}
 t - a scroll of magic mapping {unknown}
 z - a scroll of noise {unknown}
 B - a scroll of amnesia {unknown}
 C - a scroll of holy word {unknown}
 D - a scroll of fear {unknown}
Potions
 b - 3 potions of curing
 n - 2 potions of might {unknown}
 o - a potion of brilliance {unknown}
 q - 3 potions of cancellation {unknown}
 s - a potion of berserk rage {unknown}
 u - a potion of heal wounds {unknown}
 v - 2 potions of attraction {unknown}
 w - 3 potions of degeneration {unknown}
 E - a potion of mutation {unknown}


   Skills:
 + Level 9.2 Fighting
 + Level 3.3 Short Blades
 + Level 3.3 Long Blades
 + Level 3.3 Axes
 + Level 3.3 Maces & Flails
 + Level 3.3 Polearms
 + Level 4.3 Staves
 + Level 3.3 Slings
 + Level 3.3 Bows
 + Level 4.3 Crossbows
 + Level 3.3 Throwing
 + Level 3.3 Armour
 + Level 3.3 Dodging
 + Level 5.4 Stealth
 + Level 4.3 Shields
 + Level 3.3 Unarmed Combat
 + Level 3.3 Spellcasting
 + Level 2.7 Conjurations
 + Level 2.7 Hexes
 + Level 2.7 Summonings
 + Level 2.7 Necromancy
 + Level 2.7 Translocations
 + Level 2.7 Transmutations
 + Level 2.7 Fire Magic
 + Level 2.7 Ice Magic
 + Level 2.7 Air Magic
 + Level 2.7 Earth Magic
 + Level 2.7 Poison Magic
 + Level 3.7 Invocations
 + Level 4.3 Evocations


You had 13 spell levels left.
You didn't know any spells.
Your spell library contained the following spells:

 Spells                   Type           Power      Damage    Failure   Level
 Slow                     Hex            40%        N/A       7%          1
 Corpse Rot               Necr/Air       20%        N/A       10%         2
 Poisonous Vapours        Pois/Air       20%        N/A       10%         2
 Confusing Touch          Hex            10%        N/A       21%         3
 Yara's Violent Unravell  Hex/Tmut       5%         3d4       88%         5


Dungeon Overview and Level Annotations

Branches:
Dungeon (6/15)             Temple (0/1) D:6

Altars:
Elyvilon
Fedhas
Xom

Annotations:
D:4 1 runed translucent door, HuGe's ghost, amateur HOBe


Innate Abilities, Weirdness & Mutations

You have very sharp teeth.
Your uncanny sense of smell can sniff out nearby items.
Your experience applies equally to all skills.
You are dopey. (Int -2)
You are robust. (+10% HP)
You expend magic power (3 MP) to strengthen your wands.


Message History

The bolt of electricity hits you!
* * * LOW HITPOINT WARNING * * *
The bolt of electricity hits you.
* * * LOW HITPOINT WARNING * * *
The shadow imp barely misses you.
You barely miss the crimson imp.
You bite the crimson imp, but do no damage.
The crimson imp hits you but does no damage.
The iron imp hits you.
* * * LOW HITPOINT WARNING * * *
The shadow imp hits you but does no damage.
The necrophage hits you.
* * * LOW HITPOINT WARNING * * *
You feel drained.
* * * LOW HITPOINT WARNING * * *
You feel better.
The crimson imp blinks!
The electric eel shoots out a bolt of lightning at you!
The bolt of electricity hits the shadow imp!
The shadow imp dies!
The shadow imp degenerates into a cloud of primal chaos!
The bolt of electricity hits you.
* * * LOW HITPOINT WARNING * * *
The bolt of electricity hits you!
* * * LOW HITPOINT WARNING * * *
The necrophage hits you but does no damage.
The iron imp hits you but does no damage.
Xom makes a sudden noise!
You hear the chiming of a distant gong.
You hear an angry hiss.
The iron imp stops moving altogether!
The scorpion is engulfed in seething chaos.
The scorpion is moving more slowly.
The crimson imp blinks!
The scorpion is engulfed in seething chaos.
The scorpion seems to speed up.
You see here 11 gold pieces.
You hear Xom's avuncular chuckle.
The scorpion evaporates and reforms as a wyvern!
The wyvern bites you!
You die...
Xom thinks this is hilarious!

.....#####.>.#####..5.....#
.......(#.....#...........#
.......#...#...#..........#
##.#......###.......#..####
##.......#.#.#.......#.#
..###......#.........#..$
.>
#......#..#.n....#####.####
##
#........###l#............#
###...#.####@#.......#.##..
###.....##.#..##.......
#)###..#.#....#.##.## #†#
#...............
#.######[.....##...##.
#.<#..........# #... #
##.#..........# ...
.............#
..#...........#


You could see a wyvern and a necrophage.

Vanquished Creatures
  Grinder (D:3)
  Sigmund (D:2)
  A sky beast (D:6)
  A black bear (D:5)
  An ogre (D:5)
  A bullfrog (D:6)
  2 scorpions (D:4)
  A water moccasin skeleton (D:4)
  A bullfrog zombie (D:5)
  Crazy Yiuf (D:2)
  A hound (D:4)
  2 jellies
  A centaur skeleton (D:5)
  Ijyb (D:3)
  An iguana (D:4)
  2 orc wizards
  4 gnolls
  5 adders
  A white imp (D:5)
  2 ufetubi
  3 worms
  7 orcs
  2 endoplasms
  2 giant cockroaches (D:1)
  5 goblins
  3 hobgoblins
  3 jackals (D:3)
  6 kobolds
  3 quokkas
  3 ball pythons (D:1)
  3 bats
  3 frilled lizards
  3 rats
77 creatures vanquished.

Vanquished Creatures (others)
  2 plants (D:2)
2 creatures vanquished.

Grand Total: 79 creatures vanquished

Notes
Turn   | Place    | Note
-------+----------+-------------------------------------------
     0 | D:1      | Rennog the Gnoll Wanderer began the quest for the Orb.
     0 | D:1      | Rennog set off with the following items: a +2 quarterstaff,
                  | a potion of curing, a scroll of teleportation, a +0 robe, a
                  | +0 dagger
     0 | D:1      | Reached XP level 1. HP: 26/26 MP: 1/1
   160 | D:1      | You fall into a shaft and drop 1 floor!
   166 | D:2      | Reached XP level 2. HP: 15/33 MP: 2/2
   500 | D:2      | Found a runed translucent door.
   637 | D:1      | Found a faded altar of an unknown god.
   646 | D:1      | Prayed at the altar of an unknown god.
   646 | D:1      | Became a worshipper of Xom of Chaos
   808 | D:1      | XOM: silly message
  1008 | D:1      | Reached XP level 3. HP: 38/38 MP: 3/3
  1064 | D:2      | Noticed Sigmund
  1361 | D:3      | XOM: cloud trail
  1494 | D:3      | Noticed Ijyb
  1505 | D:3      | Killed Ijyb
  1506 | D:3      | Reached skill level 1 in Short Blades
  1506 | D:3      | Reached skill level 1 in Long Blades
  1506 | D:3      | Reached skill level 1 in Axes
  1506 | D:3      | Reached skill level 1 in Maces & Flails
  1506 | D:3      | Reached skill level 1 in Polearms
  1506 | D:3      | Reached skill level 1 in Slings
  1506 | D:3      | Reached skill level 1 in Bows
  1506 | D:3      | Reached skill level 1 in Throwing
  1506 | D:3      | Reached skill level 1 in Armour
  1506 | D:3      | Reached skill level 1 in Dodging
  1506 | D:3      | Reached skill level 1 in Unarmed Combat
  1506 | D:3      | Reached skill level 1 in Spellcasting
  1506 | D:3      | Reached skill level 1 in Invocations
  1506 | D:3      | Reached XP level 4. HP: 25/45 MP: 5/5
  1774 | D:3      | Noticed Grinder
  1778 | D:3      | Reached skill level 1 in Conjurations
  1778 | D:3      | Reached skill level 1 in Hexes
  1778 | D:3      | Reached skill level 1 in Summonings
  1778 | D:3      | Reached skill level 1 in Necromancy
  1778 | D:3      | Reached skill level 1 in Translocations
  1778 | D:3      | Reached skill level 1 in Transmutations
  1778 | D:3      | Reached skill level 1 in Fire Magic
  1778 | D:3      | Reached skill level 1 in Ice Magic
  1778 | D:3      | Reached skill level 1 in Air Magic
  1778 | D:3      | Reached skill level 1 in Earth Magic
  1778 | D:3      | Reached skill level 1 in Poison Magic
  1789 | D:3      | Killed Grinder
  1790 | D:3      | Reached XP level 5. HP: 34/51 MP: 5/7
  1790 | D:3      | Reached XP level 6. HP: 39/57 MP: 5/8
  2199 | D:3      | XOM: god gift: scroll labelled POLUZX BIUD {god gift}
  2676 | D:2      | Noticed Crazy Yiuf
  2940 | D:3      | XOM: cloud trail
  2944 | D:3      | XOM is BORED!
  2944 | D:3      | XOM: noise
  3053 | D:4      | Found a white marble altar of Elyvilon.
  3135 | D:4      | XOM: divination: detect creatures
  3317 | D:4      | Found a blossoming altar of Fedhas.
  3355 | D:4      | XOM: silly message
  3415 | D:4      | Reached XP level 7. HP: 63/63 MP: 10/10
  3807 | D:4      | XOM: god gift: phantom mirror
  3969 | D:4      | Found a runed translucent door.
  3976 | D:4      | Noticed HuGe's ghost (amateur HOBe)
  4193 | D:4      | XOM: god gift: 9 stones
  4499 | D:2      | Killed Sigmund
  4500 | D:2      | Reached skill level 9 in Fighting
  4500 | D:2      | Reached skill level 5 in Stealth
  4548 | D:2      | XOM: noise
  4669 | D:2      | XOM: noise
  4700 | D:2      | Killed Crazy Yiuf
  4956 | D:5      | Entered Level 5 of the Dungeon
  4971 | D:5      | XOM is BORED!
  4971 | D:5      | XOM: summons 4 hostile demons
  5108 | D:4      | XOM: cloud trail
  5403 | D:5      | XOM: give mutations
  5403 | D:5      | Gained mutation: You expend magic power (3 MP) to
                  | strengthen your wands. [Xom's grace]
  5403 | D:5      | Gained mutation: You are robust. (+10% HP) [Xom's grace]
  5501 | D:5      | XOM: noise
  5508 | D:5      | Reached XP level 8. HP: 58/78 MP: 12/12
  5619 | D:5      | XOM: noise
  5824 | D:5      | XOM: 2-stop teleportation journey
  5859 | D:5      | XOM: butterfly on damage
  6036 | D:5      | XOM: god gift: scroll of teleportation
  6041 | D:5      | XOM: scenery: create altars
  6457 | D:5      | XOM: give mutation
  6457 | D:5      | Gained mutation: You are dopey. (Int -2) [Xom's mischief]
  6548 | D:5      | XOM: give mutations
  6548 | D:5      | Gained mutation: Armour fits poorly on your strangely
                  | shaped body. [Xom's mischief]
  6548 | D:5      | Lost mutation: Armour fits poorly on your strangely shaped
                  | body. [Xom's mischief]
  6572 | D:5      | XOM: summons 1 hostile demon
  6613 | D:6      | XOM: blink monster(s)
  6616 | D:6      | XOM: enchant monster (bad)
  6716 | D:6      | Found a staircase to the Ecumenical Temple.
  6852 | D:6      | XOM: summons 5 hostile demons
  6859 | D:6      | XOM: noise
  6861 | D:6      | Noticed a wyvern
  6861 | D:6      | a scorpion changed into a wyvern
  6861 | D:6      | XOM: polymorph scorpion -> wyvern
  6869 | D:6      | Slain by a wyvern

Illustrated notes

Levels and vault maps discovered:
D:1:      roderic_crossed_star, layout_basic,
          shapermc_ecumenical_altar_mp_highgroup, minmay_cut_off
D:2:      layout_rooms, kennysheep_cluttered_room, serial_bayou_crossing,
          uniq_sigmund, uniq_crazy_yiuf_cottage
D:3:      layout_loops_cross, uniq_ijyb, uniq_grinder
D:4:      layout_loops_ring, fedhas_altar_3, nicolae_elyvilon_peaceful_grove,
          gammafunk_ghost_grave, serial_bayou_pond_e
D:5:      layout_basic
D:6:      layout_rooms, minmay_temple_entry_arrows, minmay_crystal_water,
          st_stairs_7, uniq_duvessa

Skill      XL: |  1  2  3  4  5  6  7  8 |
---------------+-------------------------+-----
Short Blades   | 1 2 3 |  3.3
Long Blades    | 1 2 3 |  3.3
Axes           | 1 2 3 |  3.3
Maces & Flails | 1 2 3 |  3.3
Polearms       | 1 2 3 |  3.3
Slings         | 1 2 3 |  3.3
Bows           | 1 2 3 |  3.3
Throwing       | 1 2 3 |  3.3
Armour         | 1 2 3 |  3.3
Dodging        | 1 2 3 |  3.3
Unarmed Combat | 1 2 3 |  3.3
Spellcasting   | 1 2 3 |  3.3
Invocations    | 1 2 3 |  3.7
Conjurations   | 1 2 |  2.7
Hexes          | 1 2 |  2.7
Summonings     | 1 2 |  2.7
Necromancy     | 1 2 |  2.7
Translocations | 1 2 |  2.7
Transmutations | 1 2 |  2.7
Fire Magic     | 1 2 |  2.7
Ice Magic      | 1 2 |  2.7
Air Magic      | 1 2 |  2.7
Earth Magic    | 1 2 |  2.7
Poison Magic   | 1 2 |  2.7
Staves         | 3 4 |  4.3
Crossbows      | 3 4 |  4.3
Shields        | 3 4 |  4.3
Evocations     | 3 4 |  4.3
Fighting       | 9 |  9.2
Stealth        | 5 |  5.4

Action                   |  1- 3 |  4- 6 |  7- 9 || total
-------------------------+-------+-------+-------++-------
Melee: Quarterstaff      |    58 |    75 |   143 ||   276
       Bite              |     6 |     9 |    15 ||    30
  Use: Potion            |       |       |     1 ||     1
 Stab: Sleeping          |     7 |     6 |     6 ||    19
Armor: Robe              |     8 |    12 |    48 ||    68
Dodge: Dodged            |    25 |    29 |   116 ||   170

Table legend: (Time is in decaauts)
 A = Elapsed time spent in this place.
 B = Non-inter-level travel time spent in this place.
 C = Inter-level travel time spent in this place.
 D = Time resting spent in this place.
 E = Time spent auto-exploring this place.
 F = Levels seen in this place.
 G = Mean time per level.
                   A        B        C        D        E       F      G
               +--------+--------+--------+--------+--------+-----+--------+
         Total |   6920 |   6538 |    382 |    236 |   5396 |   6 | 1153.3 |
       Dungeon |   6920 |   6538 |    382 |    236 |   5396 |   6 | 1153.3 |
               +--------+--------+--------+--------+--------+-----+--------+

Top non-repeatable levels by time:
     D:4: 1673 daAuts
     D:2: 1547 daAuts
     D:5: 1376 daAuts
     D:3: 1315 daAuts
     D:1: 725 daAuts
     D:6: 281 daAuts
